 Dungeon Crawl Stone Soup version 0.30.1-11-g7821555f0a (webtiles) character file.

Game seed: 908735592151123473

70 lonewolfV2 the Covered (level 4, -1/39 HPs)
             Began as a Minotaur Fighter on Nov 2, 2023.
             Constricted to death by Pikel (7 damage)
             ... on level 4 of the Dungeon.
             The game lasted 00:03:11 (2328 turns).

lonewolfV2 the Covered (Minotaur Fighter)           Turns: 2328, Time: 00:03:12

Health: -1/39      AC: 14    Str: 22    XL:     4   Next: 4%
Magic:  3/3        EV:  4    Int:  5    God:
Gold:   190        SH:  4    Dex: 10    Spells: 3/3 levels left

rFire   . . .        a - +0 war axe
rCold   . . .        c - +0 buckler
rNeg    . . .        k - +1 plate armour
rPois   .            (helmet restricted)
rElec   .            f - +0 cloak
rCorr   .            (no gloves)
SInv    .            (no boots)
Will    .....        (no amulet) Stlth
                     (no ring)
HPRegen 0.26/turn    (no ring)
MPRegen 0.08/turn

%: no passive effects
@: grasped by roots, constricted
A: horns 2, retaliatory headbutt
a: no special abilities


You were on level 4 of the Dungeon.
You visited 1 branch of the dungeon, and saw 4 of its levels.

You collected 190 gold pieces.

Inventory:

Hand Weapons
 a - a +0 war axe (weapon)
Armour
 c - a +0 buckler (worn)
 f - a +0 cloak (worn)
 k - a +1 plate armour (worn)
Jewellery
 b - an amulet of guardian spirit
 h - a ring of fire
Wands
 l - a wand of roots (2)
Potions
 d - a potion of might
 e - 2 potions of cancellation
 g - a potion of brilliance {unknown}
 i - 2 potions of curing {unknown}
 j - a potion of haste {unknown}


   Skills:
 - Level 3.6 Fighting
 - Level 2.4 Axes
 + Level 4.5 Armour
 * Level 3.2 Dodging
 - Level 3.6 Shields


You had 3 spell levels left.
You didn't know any spells.
Your spell library was empty.

Dungeon Overview and Level Annotations

Branches:
Dungeon (4/15)
 Temple: D:4-7

Altars:

Shops:
D:1 [

Annotations:
D:4 Pikel


Innate Abilities, Weirdness & Mutations

You have a pair of horns on your head.
You reflexively headbutt those who attack you in melee.


Message History

Pikel shouts!
You hit the lemure but do no damage. The lemure barely misses you.
You barely miss the lemure. You headbutt the lemure!
The lemure is moderately wounded.
The lemure hits you.
A lemure comes into view.
You block the lemure's attack.
You slash the lemure! Your headbutt misses the lemure.
The lemure is almost dead.
The lemure hits you but does no damage.
You closely miss the lemure. Your headbutt misses the lemure.
The lemure is almost dead.
You barely miss Pikel. You headbutt Pikel!
Pikel is moderately wounded.
You block Pikel's attack.
You slash Pikel! You headbutt Pikel.
Pikel is heavily wounded.
Pikel hits you but does no damage.
You are electrocuted!
You miss Pikel.
Pikel is heavily wounded.
Pikel hits you with a +2 whip of electrocution.
You are electrocuted!
* * * LOW HITPOINT WARNING * * *
Pikel barely misses you.
You barely miss Pikel.
Pikel is heavily wounded.
Pikel hits you with a +2 whip of electrocution.
* * * LOW HITPOINT WARNING * * *
Aiming: Fastroot
Press: ? - help, Q - select action Shift-Dir - straight line, f - Pikel
Aim: Pikel, wielding a +2 whip of electrocution, wearing a +0 robe and carrying a wand of roots (10) (heavily wounded)
The roots erupt in riotous growth!
Roots grab Pikel.
Roots grab the lemure.
The grasping roots constrict Pikel.
The grasping roots constrict the lemure.
Pikel zaps a wand.
The roots erupt in riotous growth!
The grasping roots grab you!
Pikel is unaffected.
The grasping roots constrict you!
You die...

########
#......#
#.####.# #.#
#.# #.# #.#
########.# #.#
#........# #.#
#@######## ##.#
#K# .#.# #5#
#######.#.#
#5#.#<#.....#.#
#5#.#.).....#.#
#5#.#.#.#...#.#
#.#.###.#.###.#
#.#...#.#...#.#
#...#.###.#.#


You could see Pikel (rooted) and 4 lemures.

Vanquished Creatures
  A gnoll (D:1)
  An adder (D:2)
  A worm (D:2)
  An orc (D:3)
  5 bats
  4 endoplasms
  6 giant cockroaches
  3 goblins
  3 hobgoblins
  A quokka (D:1)
  5 ball pythons
  5 frilled lizards
  8 kobolds
  3 rats
47 creatures vanquished.

Notes
Turn   | Place    | Note
-------+----------+-------------------------------------------
     0 | D:1      | lonewolfV2 the Minotaur Fighter began the quest for the
                  | Orb.
     0 | D:1      | Reached XP level 1. HP: 19/19 MP: 0/0
    76 | D:1      | Reached skill level 1 in Dodging
    87 | D:1      | Found Ocamobau's Antique Armour Boutique.
   144 | D:1      | Reached XP level 2. HP: 26/26 MP: 1/1
   224 | D:1      | Reached skill level 4 in Armour
   413 | D:1      | Reached XP level 3. HP: 31/31 MP: 2/2
  1979 | D:3      | Found a faded altar of an unknown god.
  1992 | D:3      | Reached XP level 4. HP: 35/39 MP: 3/3
  2317 | D:4      | Noticed a lemure
  2317 | D:4      | Noticed a lemure
  2317 | D:4      | Noticed a lemure
  2318 | D:4      | Noticed Pikel
  2321 | D:4      | Noticed a lemure
  2328 | D:4      | Constricted to death by Pikel

Illustrated notes

Levels and vault maps discovered:
D:1:      scummos_arrival_forest, layout_rooms, serial_shops, shop,
          minmay_heptomino_o4
D:2:      layout_basic, grunt_ministairs_13
D:3:      layout_loops_corners, shapermc_ecumenical_altar_gd,
          supply_closet_lemuel, nicolae_concentric_dashed_squares_wild
D:4:      layout_basic, minivault_4, uniq_pikel

Skill      XL: |  1  2  3 |
---------------+----------+-----
Dodging        | 1 2 3 |  3.2
Armour         | 4 |  4.5
Fighting       | |  3.6
Axes           | |  2.4
Shields        | |  3.6

Action                     |  1- 3 |  4- 6 || total
---------------------------+-------+-------++-------
  Melee: War axe           |    96 |     9 ||   105
         Headbutt          |    10 |     4 ||    14
  Evoke: Wand              |       |     1 ||     1
    Use: Scroll            |     5 |     2 ||     7
 Armour: Scale mail        |    48 |       ||    48
         Plate armour      |    29 |     4 ||    33
  Dodge: Dodged            |    47 |     4 ||    51
  Block: Buckler           |    28 |     2 ||    30
